 Dungeon Crawl Stone Soup version 0.31.0-11-ge490571c62 (webtiles) character file.

Game seed: 12330789658216579481

58 Curundu the Ducker (level 4, -1/31 HPs)
             Began as a Djinni Fire Elementalist on Jan 31, 2024.
             Slain by a hobgoblin (6 damage)
             ... led by Robin
             ... on level 2 of the Dungeon.
             The game lasted 00:09:04 (1653 turns).

Curundu the Ducker (Djinni Fire Elementalist)       Turns: 1653, Time: 00:09:04

Health: -1/31      AC:  2    Str:  7    XL:     4   Next: 20%
Gold:   71         EV: 13    Int: 19    God:
                   SH:  0    Dex: 13

rFire   + + .        (no weapon)
rCold   x . .        (no shield)
rNeg    . . .        a - +0 robe
rPois   ∞            (no helmet)
rElec   .            (no cloak)
rCorr   .            (no gloves)
SInv    .            (boots unavailable)
Will    .....        (no amulet)
Stlth   ++           (no ring)
HPRegen 0.25/turn    (no ring)
MPRegen 0.00/turn

%: infuse magic (-2 HP)
@: flying
A: sickness immunity, fire resistance 2, cold vulnerability 1, float, innate
caster, HP casting, extra vitality 1
a: no special abilities


You were on level 2 of the Dungeon.
You visited 1 branch of the dungeon, and saw 2 of its levels.

You collected 71 gold pieces.

Inventory:

Missiles
 l - 2 throwing nets
Armour
 a - a +0 robe (worn)
Scrolls
 b - a scroll of butterflies {unknown}
 c - a scroll of brand weapon {unknown}
 d - a scroll of fog {unknown}
 e - 2 scrolls of identify {unknown}
 f - a scroll of immolation {unknown}
 g - 2 scrolls of blinking {unknown}
 h - 3 scrolls of teleportation {unknown}
 k - a scroll of revelation {unknown}
Potions
 i - a potion of magic {unknown}
 j - a potion of attraction {unknown}
 m - a potion of cancellation {unknown}


   Skills:
 + Level 0.5 Fighting
 + Level 3.5 Dodging
 + Level 2.2 Stealth
 + Level 0.4 Unarmed Combat
 + Level 3.1 Spellcasting
 + Level 3.1 Conjurations
 + Level 3.1 Hexes
 + Level 3.1 Summonings
 + Level 3.1 Necromancy
 + Level 3.1 Translocations
 + Level 3.1 Fire Magic
 + Level 3.1 Ice Magic
 + Level 3.1 Air Magic
 + Level 3.1 Earth Magic
 + Level 3.1 Alchemy


You knew the following spells:

 Your Spells              Type           Power      Damage    Failure   Level
a - Foxfire               Conj/Fire      60%        2x1d7     4%          1
b - Scorch                Fire           30%        2d6       6%          2
c - Volatile Blastmotes   Fire/Tloc      30%        2d12      12%         3
d - Inner Flame           Hex/Fire       15%        N/A       12%         3
e - Flame Wave            Conj/Fire      15%        2d7       38%         4
f - Necrotise             Necr           60%        1d7       4%          1
Your spell library was empty.

Dungeon Overview and Level Annotations

Branches:
Dungeon (2/15)

Altars:

Annotations:
D:2 Robin


Innate Abilities, Weirdness & Mutations

You are immune to sickness and miasma.
You are immune to poison.
Your flesh is very heat resistant. (rF++)
You are vulnerable to cold. (rC-)
You float through the air rather than walking.
You learn spells naturally, not from books.
Your magical power is your life essence.
You have superior vitality. (+4 MHP)


Message History

2 hobgoblins and 4 goblins come into view.
The goblin shouts!
The hobgoblin shouts! x2
Robin throws the goblin at you! The hobgoblin barely misses you.
The goblin misses you.
There is an open door here.
Your foxfire dissipates!
The foxfire hits the goblin.
You kill the goblin!
The hobgoblin attacks as it pursues you!
The hobgoblin hits you.
Casting: Foxfire (safe; 4% risk of failure)
Confirm with . or Enter, or press ? or * to list all spells.
You conjure some foxfire!
Robin roars a battlecry!
The goblins go into a battle-frenzy!
The foxfire hits the hobgoblin.
The hobgoblin is severely wounded.
The foxfire hits the goblin.
You kill the goblin!
Casting: Foxfire (safe; 4% risk of failure)
Confirm with . or Enter, or press ? or * to list all spells.
You conjure some foxfire!
Robin throws the goblin at you! The goblin closely misses you.
The hobgoblin hits you.
The foxfire hits the goblin!
You kill the goblin!
The foxfire hits the goblin.
You kill the goblin!
The hobgoblin attacks as it pursues you!
The hobgoblin closely misses you. Robin throws the goblin at you!
The hobgoblin attacks as it pursues you!
The hobgoblin barely misses you. The goblin hits you with a +0 dagger.
Casting: Foxfire (safe; 4% risk of failure)
Confirm with . or Enter, or press ? or * to list all spells.
You conjure some foxfire!
Robin throws the goblin at you! The goblin hits you with a +0 club.
* * * LOW HITPOINT WARNING * * *
The hobgoblin closely misses you. The goblin hits you with a +0 dagger.
* * * LOW HITPOINT WARNING * * *
The hobgoblin hits you.
You die...

#######..........+...............
..........#.######........#######
####>............................
#.....).....##################...
#)##.######## ##### #...
#.##.################...# ##..
.....##......#..........# #..
#.#####.....[#)ggv..†...########'
#... .....ggggg@g......'........
##### #...g..#..v......)#########
#...g..#..........# #
#....g.#..........# #
#.....g#..........# ##
#......#####...#### #. #(.....
##### #. #...... #. #.


You could see Robin, 4 hobgoblins and 4 goblins.

Vanquished Creatures
  A dart slug (D:1)
  4 endoplasms
  3 giant cockroaches
  4 goblins (D:2)
  6 hobgoblins
  4 jackals (D:1)
  8 kobolds
  4 quokkas
  3 ball pythons (D:1)
  2 bats (D:1)
  4 frilled lizards
  7 rats
50 creatures vanquished.

Vanquished Creatures (others)
  92 foxfires
92 creatures vanquished.

Grand Total: 142 creatures vanquished

Notes
Turn   | Place    | Note
-------+----------+-------------------------------------------
     0 | D:1      | Curundu the Djinni Fire Elementalist began the quest for
                  | the Orb.
     0 | D:1      | Curundu set off with the following spells memorised:
                  | Foxfire, Scorch, Volatile Blastmotes, Inner Flame, Flame
                  | Wave.
     0 | D:1      | Reached XP level 1. HP: 15/15 MP: 0/0
   133 | D:1      | Reached XP level 2. HP: 21/21 MP: 0/0
   396 | D:1      | Reached XP level 3. HP: 17/25 MP: 0/0
   396 | D:1      | Learned a level 1 spell: Necrotise
  1333 | D:2      | Reached XP level 4. HP: 25/31 MP: 0/0
  1646 | D:2      | Noticed Robin
  1653 | D:2      | Slain by a hobgoblin

Illustrated notes

Levels and vault maps discovered:
D:1:      minmay_arrival_plants_in_alcoves, layout_basic,
          amcnicky_mini_rare_corridor_liquid, corexii_item_surrounded_by_moat
D:2:      layout_basic, minmay_misc_feat_four_crosses, uniq_robin

Skill      XL: |  1  2 |
---------------+-------+-----
Stealth        | 2 |  2.2
Dodging        | 3 |  3.5
Fighting       | |  0.5
Unarmed Combat | |  0.4
Spellcasting   | |  3.1
Conjurations   | |  3.1
Hexes          | |  3.1
Summonings     | |  3.1
Necromancy     | |  3.1
Translocations | |  3.1
Fire Magic     | |  3.1
Ice Magic      | |  3.1
Air Magic      | |  3.1
Earth Magic    | |  3.1
Alchemy        | |  3.1

Action                     |  1- 3 |  4- 6 || total
---------------------------+-------+-------++-------
  Melee: Unarmed           |    45 |       ||    45
         Punch             |     1 |       ||     1
   Cast: Foxfire           |    68 |    10 ||    78
 Armour: Robe              |    54 |     8 ||    62
  Dodge: Dodged            |    80 |     8 ||    88
